 Dungeon Crawl Stone Soup version 0.20.1-1-g8b1a95d (webtiles) character file.

2 JohnnyMnemonic the Digger (level 1, -1/13 HPs)
             Began as a Formicid Earth Elementalist on July 11, 2017.
             Slain by a kobold (3 damage)
             ... on level 1 of the Dungeon.
             The game lasted 00:00:44 (59 turns).

JohnnyMnemonic the Digger (FoEE)                      Turns: 59, Time: 00:00:44

Health: -1/13      AC:  2    Str: 12    XL:     1   Next: 33%
Magic:  0/3        EV: 12    Int: 14    God:
Gold:   0          SH:  0    Dex: 11    Spells: 3/4 levels left

rFire    . . .     SeeInvis +   (no weapon)
rCold    . . .     Gourm    .   (no shield)
rNeg     . . .     Faith    .   c - +0 robe
rPois    .         Spirit   .   (helmet unavailable)
rElec    .         Reflect  .   (no cloak)
rCorr    .         Harm     .   (no gloves)
MR       .....                  (no boots)
Stlth    ++........             (no amulet)
Regen    0.1/turn               (no ring)
MPRegen  0.1/turn               (no ring)

@: no status effects
A: permanent stasis, dig shafts and tunnels, four strong arms, antennae 3
a: Dig, Shaft Self


You were on level 1 of the Dungeon.
You were not hungry.

You visited 1 branch of the dungeon, and saw 1 of its levels.

Inventory:

Missiles
 b - 26 stones (quivered)
Armour
 c - a +0 robe (worn)
Books
 e - a book of Geomancy

   Spells                             Type                      Level
   a - Sandblast                      Earth                        1
   b - Passwall                       Transmutation/Earth          2
   c - Stone Arrow                    Conjuration/Earth            3
   d - Petrify                        Transmutation/Earth          4
   e - Lee's Rapid Deconstruction     Earth                        5
Comestibles
 d - a bread ration


   Skills:
 - Level 1.7 Dodging
 - Level 2.4 Stealth
 - Level 2.1 Spellcasting
   Level 1.1 Transmutations
 + Level 3.8 Earth Magic


You had 3 spell levels left.
You knew the following spells:

 Your Spells              Type           Power        Failure   Level  Hunger
a - Sandblast             Erth           ##....       4%          1    #......


Dungeon Overview and Level Annotations

Branches:
Dungeon (1/15)

Altars:


Innate Abilities, Weirdness & Mutations

You cannot be hasted, slowed, berserked, paralysed or teleported.
You can dig through walls and to a lower floor.
Your four strong arms can wield two-handed weapons with a shield.
You have a pair of large antennae on your head. (SInv)


Message History

The kobold hits you. The hobgoblin misses you.
You completely miss the hobgoblin.
The hobgoblin is almost dead.
The kobold completely misses you. The hobgoblin completely misses you.
The hobgoblin hits you.
* * * LOW HITPOINT WARNING * * *
You hit the kobold but do no damage. The kobold closely misses you.
Casting: Sandblast
Confirm with . or Enter, or press ? or * to list all spells.
Aiming: Sandblast
Press: ? - help, Shift-Dir - straight line, f/p - hobgoblin
Aim: a hobgoblin (severely wounded)
The blast of sand hits the hobgoblin.
The hobgoblin is almost dead.
b - 26 stones The kobold closely misses you.
The hobgoblin barely misses you.
You hit the hobgoblin.
You kill the hobgoblin!
The kobold hits you.
You die...

# .# ########## #.. ..##
T#x#6#p#g# #.##....
################.#..[.
.........'..##......#
###########.##.#....###..
m#9#h#f#N#..............
##########.....#....#####
......##..K@...$...
..........#†##...###
.......#....# #.#
............# #
###.#.##...... ....
#....... .. ####...... .
#...... ####.#


You could see a kobold.

Vanquished Creatures
  A hobgoblin (D:1)
  A frilled lizard (D:1)
2 creatures vanquished.

Notes
Turn   | Place    | Note
-------+----------+-------------------------------------------
     0 | D:1      | JohnnyMnemonic the Formicid Earth Elementalist began the quest for the Orb.
     0 | D:1      | Reached XP level 1. HP: 13/13 MP: 3/3
     2 | D:1      | Noticed a formicid
     2 | D:1      | Noticed a spriggan
     4 | D:1      | Noticed a demigod
     6 | D:1      | Noticed a minotaur
    10 | D:1      | Noticed a human
    10 | D:1      | Noticed a draconian
    12 | D:1      | Noticed an ogre
    12 | D:1      | Noticed an elf
    14 | D:1      | Noticed a tengu
    14 | D:1      | Noticed a vampire
    18 | D:1      | Noticed a centaur
    18 | D:1      | Noticed a ghoul
    20 | D:1      | Noticed a troll
    20 | D:1      | Noticed a merfolk
    22 | D:1      | Noticed an octopode
    22 | D:1      | Noticed a gargoyle
    24 | D:1      | Noticed a demonspawn
    24 | D:1      | Noticed a felid
    26 | D:1      | Noticed a halfling
    26 | D:1      | Noticed a vine stalker
    28 | D:1      | Noticed a dwarf
    28 | D:1      | Noticed a naga
    59 | D:1      | Slain by a kobold

Action                   || total
-------------------------++-------
Melee: Unarmed           ||    12
 Cast: Sandblast         ||     4
Armor: Robe              ||     2
Dodge: Dodged            ||    13
